 Dungeon Crawl Stone Soup version 0.26.1-11-gd32895ea62 (webtiles) character file.

Game seed: 5328942262581226415

2602 Almogavar the Covert (level 9, -9/51 HPs)
             Began as a Kobold Conjurer on June 9, 2021.
             Was a Believer of Nemelex Xobeh.
             Mangled by an unseen horror (12 damage)
             ... on level 8 of the Dungeon.
             The game lasted 00:23:56 (11240 turns).

Almogavar the Covert (Kobold Conjurer)             Turns: 11240, Time: 00:23:57

Health: -9/51      AC:  3    Str:  5    XL:     9   Next: 90%
Magic:  17/17      EV: 17    Int: 22    God:    Nemelex Xobeh [**....]
Gold:   418        SH:  0    Dex: 13    Spells: 11/18 levels left

rFire    + . .     SeeInvis .   i - +5 short sword (freeze)
rCold    . . .     Faith    .   (shield restricted)
rNeg     . . .     Spirit   .   a - +0 robe
rPois    .         Reflect  .   (no helmet)
rElec    .         Harm     .   y - +0 cloak
rCorr    .         Rampage  .   (no gloves)
Will     .....                  (no boots)
Stlth    +++++.....             (no amulet)
HPRegen  0.17/turn              h - ring of protection from fire
MPRegen  0.15/turn              (no ring)

@: no status effects
A: small, nightstalker 3
a: Renounce Religion, Draw Escape, Draw Destruction, Draw Summoning


You were on level 8 of the Dungeon.
You worshipped Nemelex Xobeh.
Nemelex Xobeh was pleased with you.
You visited 2 branches of the dungeon, and saw 9 of its levels.

You collected 418 gold pieces.

Inventory:

Hand Weapons
 b - a +2 dagger of speed
 i - a +5 short sword of freezing (weapon)
Armour
 a - a +0 robe (worn)
 f - a +1 leather armour
 k - a +2 chain mail of willpower
 y - a +0 cloak (worn)
Magical Staves
 e - an uncursed staff of earth
Jewellery
 h - a ring of protection from fire (left hand)
Wands
 l - a wand of random effects (7)
 m - a wand of enslavement (19)
 x - a wand of paralysis (10)
Scrolls
 d - 4 scrolls of fear
 n - 4 scrolls of teleportation
 p - 2 scrolls of enchant armour
 t - a scroll of magic mapping
 w - a scroll of amnesia {unknown}
 z - a scroll of blinking
Potions
 c - 2 potions of invisibility
 g - 5 potions of curing
 j - a potion of magic
 o - a potion of heal wounds
 q - 4 potions of lignification
 r - 2 potions of brilliance
 s - 4 potions of flight {unknown}
 u - 2 potions of might {unknown}
 v - 2 potions of haste {unknown}


   Skills:
 + Level 3.4 Fighting
 + Level 6.7 Short Blades
 + Level 5.2 Dodging
 + Level 10.5 Stealth
 + Level 5.4 Spellcasting
 + Level 6.9 Conjurations


You had 11 spell levels left.
You knew the following spells:

 Your Spells              Type           Power        Failure   Level
a - Magic Dart            Conj           100%         1%          1
b - Searing Ray           Conj           72%          1%          2
c - Iskenderun's Mystic   Conj/Tloc      21%          24%         4

Your spell library contained the following spells:

 Spells                   Type           Power        Failure   Level
 Conjure Flame            Conj/Fire      21%          7%          3
 Dazzling Flash           Conj/Hex       42%          7%          3
 Summon Small Mammal      Summ           20%          10%         1
 Mephitic Cloud           Conj/Pois/Air  16%          12%         3
 Blink                    Tloc           N/A          14%         2
 Call Imp                 Summ           5%           14%         2
 Slow                     Hex            5%           14%         2
 Fulminant Prism          Conj/Hex       10%          24%         4
 Call Canine Familiar     Summ           5%           28%         3
 Summon Guardian Golem    Hex/Summ       5%           28%         3
 Summon Ice Beast         Ice/Summ       5%           67%         4
 Summon Lightning Spire   Summ/Air       5%           67%         4


Dungeon Overview and Level Annotations

Branches:
Dungeon (8/15)             Temple (1/1) D:4
   Lair: D:8-11

Altars:
Ashenzari
Cheibriados
Dithmenos
Elyvilon
Fedhas
Hepliaklqana
Kikubaaqudgha
Makhleb
Nemelex Xobeh
Qazlal
Ru
Sif Muna
Trog
Uskayaw
Xom
Yredelemnul
Zin

Shops:
D:6 ?


Innate Abilities, Weirdness & Mutations

You are small and have problems with some larger weapons.
You are completely attuned to the shadows.


Message History

Something hits you.
Deactivating autopickup; reactivate with Ctrl-A.
Something hits you.
You miss something. Something hits you! Something completely misses you.
Something hits you. Something closely misses you. Something hits you!
Something hits you. Something hits you!
You hit something. You freeze something. Something hits you.
Something barely misses you.
You hit something. You freeze something. Something hits you!
* * * LOW HITPOINT WARNING * * *
Something hits you but does no damage. Something hits you.
* * * LOW HITPOINT WARNING * * *
Something barely misses you. Something hits you!
You die...
Your body disappears without a glow.

.........
####.##.# #.# #.#
#.# #.# #.# #.#
#@# #.# #.# ...
#.# #.#.# #.#
#.#.# #.#.# #)#.#
#.#.# ###.#.##.#
#.#.# ##.#....#.#
#.#.###.#...#....


There were no monsters in sight!

Vanquished Creatures
  Eustachio (D:5)
  Edmund (D:6)
  2 black bears (D:6)
  An ice beast (D:6)
  A phantom (D:4)
  An ogre (D:8)
  2 centaurs
  4 bullfrogs
  3 scorpions
  4 killer bees (D:7)
  7 wights
  A howler monkey (D:5)
  2 bullfrog zombies
  4 hounds
  A bullfrog skeleton (D:5)
  A centaur skeleton (D:4)
  2 jellies
  2 orc wizards
  2 iguanas
  Natasha (twice) (D:3)
  4 worker ants
  2 killer bee zombies
  A hound zombie (D:2)
  3 hound skeletons
  5 adders
  A gnoll (D:4)
  A shadow imp (D:6)
  A white imp (D:8)
  An ufetubus (D:8)
  2 oozes
  An adder zombie (D:5)
  2 adder skeletons
  A worm (D:4)
  2 dart slugs
  A leopard gecko (D:1)
  15 orcs
  2 ball pythons
  8 bats
  8 giant cockroaches
  5 goblins
  8 hobgoblins
  13 jackals
  6 quokkas
  21 frilled lizards
  A jackal skeleton (D:5)
  8 kobolds
  A leopard gecko skeleton (D:6)
  9 rats
177 creatures vanquished.

Vanquished Creatures (others)
  A plant (D:6)
1 creature vanquished.

Grand Total: 178 creatures vanquished

Notes
Turn   | Place    | Note
-------+----------+-------------------------------------------
     0 | D:1      | Almogavar the Kobold Conjurer began the quest for the Orb.
     0 | D:1      | Reached XP level 1. HP: 10/10 MP: 3/3
    72 | D:1      | Reached XP level 2. HP: 6/15 MP: 0/5
   441 | D:1      | Learned a level 2 spell: Searing Ray
   485 | D:1      | Reached XP level 3. HP: 19/19 MP: 0/6
  1161 | D:2      | Reached skill level 3 in Stealth
  1271 | D:2      | Reached skill level 1 in Short Blades
  1377 | D:2      | Reached XP level 4. HP: 24/24 MP: 7/7
  1718 | D:2      | Reached skill level 4 in Stealth
  2362 | D:2      | Reached XP level 5. HP: 28/28 MP: 8/8
  2597 | D:3      | Reached skill level 5 in Stealth
  2748 | D:3      | Noticed Natasha
  3070 | D:3      | Killed Natasha
  3148 | D:3      | Noticed Natasha
  3155 | D:3      | Killed Natasha
  3156 | D:3      | Reached skill level 6 in Stealth
  3156 | D:3      | Reached XP level 6. HP: 29/33 MP: 0/9
  3842 | D:4      | Noticed a phantom
  4420 | D:4      | Reached skill level 5 in Conjurations
  4654 | D:4      | Found a staircase to the Ecumenical Temple.
  4661 | Temple   | Entered the Ecumenical Temple
  4821 | Temple   | Became a worshipper of Nemelex Xobeh the Trickster
  5316 | D:4      | Reached skill level 1 in Fighting
  5316 | D:4      | Reached skill level 7 in Stealth
  5316 | D:4      | Reached XP level 7. HP: 38/38 MP: 5/11
  5543 | D:5      | Entered Level 5 of the Dungeon
  5823 | D:5      | Noticed Eustachio
  5827 | D:5      | Killed Eustachio
  5930 | D:5      | Reached XP level 8. HP: 44/44 MP: 13/13
  5989 | D:5      | Reached skill level 8 in Stealth
  6192 | D:5      | Reached * piety under Nemelex Xobeh
  6727 | D:5      | Received a gift from Nemelex Xobeh
  7135 | D:6      | Reached skill level 5 in Short Blades
  7843 | D:6      | Reached skill level 9 in Stealth
  7909 | D:6      | Noticed Edmund
  7920 | D:6      | Killed Edmund
  7921 | D:6      | Reached XP level 9. HP: 15/48 MP: 1/15
  8612 | D:6      | Found a blossoming altar of Fedhas.
  8702 | D:6      | Found Lutyuz's Magic Scroll Shop.
  9077 | D:6      | Reached ** piety under Nemelex Xobeh
  9224 | D:6      | Received a gift from Nemelex Xobeh
  9239 | D:6      | Learned a level 4 spell: Iskenderun's Mystic Blast
  9721 | D:7      | Found a white marble altar of Elyvilon.
  9881 | D:7      | Found a broken altar of Ashenzari.
 10058 | D:7      | Reached skill level 10 in Stealth
 10204 | D:7      | Reached skill level 5 in Spellcasting
 10937 | D:8      | Found a bloodstained altar of Trog.
 10955 | D:8      | Reached skill level 5 in Dodging
 11240 | D:8      | Mangled by an unseen horror

Illustrated notes

Levels and vault maps discovered:
D:1:      sevenhm_arrival_forest_fort_small_4, layout_loops_ring,
          minmay_quantized
D:2:      layout_loops_corners, minmay_lizard_pond
D:3:      layout_rooms, uniq_natasha
D:4:      minmay_octagon_keep, layout_basic, minmay_temple_entry_trees
D:5:      layout_basic, uniq_eustachio
D:6:      layout_loops_ring, serial_co_window_serial, co_window_paths_a,
          co_window_paths_b, co_window_paths_a, co_window_corner_a,
          co_window_of_opportunity_a, co_window_paths_b, co_window_corner_a,
          co_window_cross_3, co_window_paths_c, co_window_paths_c,
          co_window_of_opportunity_b, co_window_paths_c, co_window_4corner_a,
          glass_columns_c, glass_columns_b, glass_columns_a, glass_columns_a,
          glass_columns_a, serial_shops, shop, fedhas_altar_1, uniq_edmund
D:7:      layout_basic, nicolae_ashenzari_panopticon, elyvilon_altar_3
D:8:      layout_loops_ring, serial_shops, nicolae_shop_behind_doors,
          bloody_trog
Temple:   kilobyte_greek_temple

Skill      XL: |  1  2  3  4  5  6  7  8  9 |
---------------+----------------------------+-----
Stealth        | 3 4 6 7 9 10 | 10.5
Short Blades   | 1 2 4 5 6 |  6.7
Dodging        | 3 4 5 |  5.2
Conjurations   | 5 6 |  6.9
Fighting       | 1 2 3 |  3.4
Spellcasting   | 3 4 5 |  5.4

Action                   |  1- 3 |  4- 6 |  7- 9 || total
-------------------------+-------+-------+-------++-------
Melee: Dagger            |    62 |    87 |    85 ||   234
       Short sword       |       |       |     7 ||     7
 Cast: Magic Dart        |    15 |     3 |       ||    18
       Searing Ray       |     1 |    35 |    56 ||    92
  Use: Scroll            |       |     6 |     9 ||    15
       Potion            |       |     1 |       ||     1
 Stab: Sleeping          |    17 |    15 |    16 ||    48
Armor: Robe              |     2 |     8 |     3 ||    13
Dodge: Dodged            |    33 |    49 |    88 ||   170
